 Dungeon Crawl Stone Soup version 0.31-a0-986-g5e6e4ef867 (webtiles) character file.

Game seed: 17480101136354696359

44 Lobster4 the Digger (level 3, 0/20 HPs)
             Began as a Gargoyle Earth Elementalist on Nov 12, 2023.
             Blown up by Ijyb (20 damage)
             ... with a mindburst bolt
             ... on level 3 of the Dungeon.
             The game lasted 00:03:39 (1634 turns).

Lobster4 the Digger (Gargoyle Earth Elementalist)   Turns: 1634, Time: 00:03:40

Health: 0/20       AC:  8    Str: 11    XL:     3   Next: 62%
Magic:  5/6        EV: 11    Int: 17    God:
Gold:   80         SH:  0    Dex: 10    Spells: 0/6 levels left

rFire   . . .        l - +1 dagger (speed)
rCold   . . .        (no shield)
rNeg    + . .        i - +0 leather armour
rPois   ∞            n - +0 helmet
rElec   +            (no cloak)
rCorr   .            h - +0 pair of gloves
SInv    .            (no boots)
Will    .....        (no amulet)
Stlth   ++           (no ring)
HPRegen 0.23/turn    (no ring)
MPRegen 0.10/turn

%: no passive effects
@: no status effects
A: sickness immunity, AC +3, negative energy resistance 1, electricity
resistance, torment resistance 1, petrification resistance
a: no special abilities


You were on level 3 of the Dungeon.
You visited 1 branch of the dungeon, and saw 3 of its levels.

You collected 80 gold pieces.

Inventory:

Hand Weapons
 d - a +0 dagger
 j - a +0 short sword
 l - a +1 dagger of speed (weapon)
Missiles
 c - 6 poisoned darts
 f - 9 stones
Armour
 a - a +0 robe
 h - a +0 pair of gloves (worn)
 i - a +0 leather armour (worn)
 n - a +0 helmet (worn)
Scrolls
 e - a scroll of poison {unknown}
 g - 2 scrolls of teleportation
 k - a scroll of brand weapon {unknown}
Potions
 b - a potion of magic
 m - a potion of haste {unknown}


   Skills:
 - Level 1.0 Fighting
 + Level 1.1 Armour
 + Level 1.9 Dodging
 + Level 2.6 Stealth
 + Level 2.2 Spellcasting
 - Level 1.0 Transmutations
 + Level 4.0 Earth Magic


You couldn't memorise any spells.
You knew the following spells:

 Your Spells              Type           Power      Damage    Failure   Level
a - Sandblast             Erth           30%        2d9       4%          1
b - Stone Arrow           Conj/Erth      16%        3d8       32%         3
p - Passwall              Tmut/Erth      8%         N/A       13%         2

Your spell library contained the following spells:

 Spells                   Type           Power      Damage    Failure   Level
 Petrify                  Tmut/Erth      10%        N/A       65%         4
 Brom's Barrelling Bould  Conj/Erth      8%         2d3       71%         4


Dungeon Overview and Level Annotations

Branches:
Dungeon (3/15)

Altars:
Ashenzari

Annotations:
D:2 Sigmund
D:3 Ijyb


Innate Abilities, Weirdness & Mutations

You are immune to sickness and miasma.
Your stone body is resilient. (AC +3)
You are immune to poison.
You resist negative energy. (rN+)
You are resistant to electric shocks. (rElec)
You are resistant to unholy torment.
You are immune to petrification.


Message History

The blast of sand hits the orc!
You kill the orc!
Training target 1.0 for Fighting reached!
Your Fighting skill increases to level 1!
You now have 75 gold pieces (gained 16).
You see here a +0 mace.
You now have 80 gold pieces (gained 5).
As you read the scroll labelled YNIOREM VINUMP, it crumbles to dust.
You feel strangely unstable.
It was a scroll of teleportation.
Your surroundings suddenly seem different.
Found a scroll labelled NAYPUN ON XIN.
Found a broken altar of Ashenzari.
A jackal comes into view.
Casting: Sandblast (safe; 4% risk of failure)
Confirm with . or Enter, or press ? or * to list all spells.
You can't see any susceptible monsters within range! (Use Z to cast anyway.)
There are no items here.
Casting: Sandblast (safe; 4% risk of failure)
Confirm with . or Enter, or press ? or * to list all spells.
You can't see any susceptible monsters within range! (Use Z to cast anyway.)
Aiming: Sandblast (safe; 4% risk of failure)
Press: ? - help, Q - select action, (/) - cycle Shift-Dir - straight line, f - you That would be overly suicidal.
Okay, then.
Found a blade talisman.
Casting: Sandblast (safe; 4% risk of failure)
Confirm with . or Enter, or press ? or * to list all spells.
You can't see any susceptible monsters within range! (Use Z to cast anyway.)
The jackal barks!
You hear a shout! x2
A jackal comes into view.
Ijyb the Twisted Goblin comes into view.
She is wielding a +0 club, wearing a +4 scale mail of poison resistance and carrying a wand of mindburst.
Casting: Sandblast (safe; 4% risk of failure)
Confirm with . or Enter, or press ? or * to list all spells.
Aiming: Sandblast (safe; 4% risk of failure)
Press: ? - help, Shift-Dir - straight line, f - jackal
Aim: a jackal (wandering, hasn't noticed you, 77% to hit)
The blast of sand hits the jackal.
The jackal is almost dead.
Ijyb zaps a wand.
Your mind is blasted!
Ouch! That really hurt!
You die...

... ... %.. ...##.##..
# ...#.#.. # #. #.....
.# #.##...##..#
#...._.... ##...##
#.@...# .g.?...#.#...#
##+ .....h##.##..#
.... ...... ... ..#
..... ..... .......#
......##########....#
.....................
.(.....#.)...#......##
######.#.....#


You could see Ijyb and a jackal.

Vanquished Creatures
  Robin (D:2)
  An orc (D:3)
  2 endoplasms
  8 goblins
  7 hobgoblins
  3 kobolds
  A quokka (D:1)
  3 ball pythons
  A bat (D:1)
  2 rats (D:1)
29 creatures vanquished.

Notes
Turn   | Place    | Note
-------+----------+-------------------------------------------
     0 | D:1      | Lobster4 the Gargoyle Earth Elementalist began the quest
                  | for the Orb.
     0 | D:1      | Reached XP level 1. HP: 10/10 MP: 3/3
   227 | D:1      | Reached XP level 2. HP: 16/16 MP: 0/5
   247 | D:1      | Learned a level 2 spell: Passwall
   638 | D:1      | Reached skill level 1 in Transmutations
   945 | D:2      | Noticed Sigmund
  1050 | D:2      | Reached XP level 3. HP: 20/20 MP: 2/6
  1226 | D:2      | Reached skill level 1 in Armour
  1230 | D:2      | Learned a level 3 spell: Stone Arrow
  1449 | D:2      | Noticed Robin
  1454 | D:2      | Killed Robin
  1455 | D:2      | Reached skill level 4 in Earth Magic
  1618 | D:3      | Reached skill level 1 in Fighting
  1629 | D:3      | Found a broken altar of Ashenzari.
  1633 | D:3      | Noticed Ijyb
  1634 | D:3      | Blown up by Ijyb

Illustrated notes

Levels and vault maps discovered:
D:1:      elethiomel_arrival_maze, layout_rooms, hangedman_decor_clover_reticule
D:2:      layout_loops_cross, uniq_robin, uniq_sigmund
D:3:      layout_basic, mainiacjoe_overflow_small_starburst, uniq_jessica,
          uniq_ijyb

Skill      XL: |  1  2  3 |
---------------+----------+-----
Transmutations | 1 |  1.0
Armour         | 1 |  1.1
Earth Magic    | 4 |  4.0
Fighting       | 1 |  1.0
Dodging        | |  1.9
Stealth        | |  2.6
Spellcasting   | |  2.2

Action                     || total
---------------------------++-------
  Melee: Dagger            ||    10
   Cast: Sandblast         ||    40
    Use: Scroll            ||     1
 Armour: Robe              ||     7
         Leather armour    ||     4
  Dodge: Dodged            ||    12

Table legend: (Time is in decaauts)
 A = Elapsed time spent in this place.
 B = Non-inter-level travel time spent in this place.
 C = Inter-level travel time spent in this place.
 D = Time resting spent in this place.
 E = Time spent auto-exploring this place.
 F = Levels seen in this place.
 G = Mean time per level.
                   A        B        C        D        E       F      G
               +--------+--------+--------+--------+--------+-----+--------+
         Total |   1650 |   1591 |     59 |     66 |   1224 |   3 |  550.0 |
       Dungeon |   1650 |   1591 |     59 |     66 |   1224 |   3 |  550.0 |
               +--------+--------+--------+--------+--------+-----+--------+

Top non-repeatable levels by time:
     D:2: 880 daAuts
     D:1: 739 daAuts
     D:3: 31 daAuts
